 Dungeon Crawl Stone Soup version 0.26-b1-32-g5d43845318 (console) character file.

Game seed: 117349057267996963

79 Goblin1989 the Ruffian (level 4, -1/44 HPs)
             Began as a Troll Fighter on Jan 7, 2021.
             Slain by an orc warrior
             ... wielding a +0 mace
              (14 damage)
             ... on level 3 of the Dungeon.
             The game lasted 00:03:15 (1801 turns).

Goblin1989 the Ruffian (Troll Fighter)              Turns: 1801, Time: 00:03:15

Health: -1/44      AC:  7    Str: 24    XL:     4   Next: 17%
Magic:  3/3        EV:  8    Int:  4    God:
Gold:   88         SH:  0    Dex: 10    Spells: 3/3 levels left

rFire    . . .     SeeInvis +     - Unarmed
rCold    . . .     Faith    .   b - +0 kite shield
rNeg     . . .     Spirit   .   a - +0 robe
rPois    .         Reflect  .   n - +1 hat
rElec    .         Harm     .   (no cloak)
rCorr    .         Rampage  .   (gloves unavailable)
Will     .....                  (boots unavailable)
Stlth    +.........             (no amulet)
HPRegen  0.54/turn              s - ring of see invisible
MPRegen  0.08/turn              (no ring)

@: confused
A: large, unfitting armour, claws 3, regeneration 1, shaggy fur 1, tough skin 3
a: no special abilities


You were on level 3 of the Dungeon.
You visited 1 branch of the dungeon, and saw 3 of its levels.

You collected 88 gold pieces.

Inventory:

Armour
 a - a +0 robe (worn)
 b - a +0 kite shield (worn)
 n - a +1 hat (worn)
 t - a +0 cloak
Jewellery
 s - a ring of see invisible (left claw)
 u - a +4 ring of protection {unknown}
 v - an uncursed ring of willpower {unknown}
Wands
 l - a wand of acid (7) {@v2}
Scrolls
 d - 5 scrolls of remove curse {unknown}
 e - a scroll of enchant weapon {unknown}
 f - 3 scrolls of blinking {unknown}
 g - 3 scrolls of identify {unknown}
 p - a scroll of enchant armour {unknown}
 w - a scroll of teleportation {unknown}
Potions
 c - a potion of might {@q4}
 h - 2 potions of ambrosia
 i - a potion of attraction {unknown}
 j - a potion of mutation {unknown}
 k - a potion of lignification {unknown}
 m - a potion of curing {unknown}
 o - 3 potions of flight {unknown}


   Skills:
 + Level 2.8 Fighting
 + Level 2.8 Dodging
 + Level 2.9 Shields
 * Level 3.2 Unarmed Combat


You had 3 spell levels left.
You didn't know any spells.
Your spell library was empty.

Dungeon Overview and Level Annotations

Branches:
Dungeon (3/15)

Altars:
Hepliaklqana


Innate Abilities, Weirdness & Mutations

You are too large for most types of armour.
You have claws for hands.
Your natural rate of healing is unusually fast.
You are covered in fur. (AC +1)
You have extremely tough skin. (AC +3)


Message History

No target in view!
No target in view!
No target in view!
No target in view!
No target in view!
No target in view!
No target in view!
No target in view!
No target in view!
No target in view!
No target in view!
No target in view!
Things that are here:
a +0 dagger; a kobold corpse You open the door.
An orc comes into view. It is wielding a +0 whip of flaming.
An orc is nearby!
An orc is nearby!
An orc is nearby!
A quokka, an orc, an orc warrior and 2 orc priests come into view.
The orc warrior shouts!
The orc shouts! x2; The orc priest shouts! x2
Found 36 gold pieces.
There is an open door here.
The orc priest invokes the aid of Beogh against you.
Beogh smites you!
You take 10 damage, and have 34/44 hp.
MASSIVE DAMAGE!!
You barely miss the orc.
The orc priest calls down the wrath of Beogh upon you.
You barely resist. You barely miss the orc.
The orc priest invokes the aid of Beogh against you.
Beogh smites you! The quokka bites you. You block the orc's attack.
You take 10 damage, and have 25/44 hp.
MASSIVE DAMAGE!!
You are too injured to fight recklessly!
You are too injured to fight recklessly!
You are too injured to fight recklessly!
You are too injured to fight recklessly!
You are too injured to fight recklessly!
You are too injured to fight recklessly!
You are too injured to fight recklessly!
You are too injured to fight recklessly!
You are too injured to fight recklessly!
You are too injured to fight recklessly!
You are too injured to fight recklessly!
You are too injured to fight recklessly!
You are too injured to fight recklessly!
You are too injured to fight recklessly!
You are too injured to fight recklessly!
You are too injured to fight recklessly!
You are too injured to fight recklessly!
You are too injured to fight recklessly!
You are too injured to fight recklessly!
You are too injured to fight recklessly!
You are too injured to fight recklessly!
You are too injured to fight recklessly!
You are too injured to fight recklessly!
You are too injured to fight recklessly!
You are too injured to fight recklessly!
You are too injured to fight recklessly!
You are too injured to fight recklessly!
Unknown command.
The quokka bites you but does no damage.
There is an open door here.
The orc priest invokes the aid of Beogh against you.
Beogh smites you!
* * * LOW HITPOINT WARNING * * *
You take 11 damage, and have 15/44 hp.
MASSIVE DAMAGE!!
You scratch the quokka.
The quokka is heavily wounded.
The quokka bites you but does no damage.
You scratch the quokka.
The quokka is almost dead.
The quokka bites you but does no damage. x2
You claw the quokka!
You kill the quokka!
The orc warrior hits you with a +0 mace!
* * * LOW HITPOINT WARNING * * *
You see here a quokka corpse.
You take 9 damage, and have 9/44 hp.
MASSIVE DAMAGE!!
The orc priest begins to cast a cantrip, but forgets the words!
The orc priest mumbles some strange prayers to Beogh against you.
Beogh smites you!
* * * LOW HITPOINT WARNING * * *
You take 7 damage, and have 3/44 hp.
It was a potion of ambrosia.
You are confused.
You feel invigorated. The orc warrior closely misses you.
You regained 4 hp, and now have 7/44 hp.
You bump into the rock wall.
The orc priest looks encouraged for a moment.
The orc warrior hits you but does no damage.
You regained 4 hp, and now have 11/44 hp.
You're too confused to move!
The orc warrior hits you with a +0 mace!
* * * LOW HITPOINT WARNING * * *
You take 9 damage, and have 2/44 hp.
MASSIVE DAMAGE!!
You regained 6 hp, and now have 8/44 hp.
You bump into the rock wall.
The orc warrior hits you with a +0 mace!
You die...

█...██.█ ██..██.█ █. .█
█..██.█ █. .█.█████.██.█ █.
.█........█.█ █..
██████.█.████████.█)████████
█.█ .........
......)..).......█ █.█
........██████████..██████.█
█.█
........∆.oo.ooo@..><....█.█
█.█
........████████████████.█.█
█.█ ........█
███.(......█.████.█
.$......█
█.....^...........█
......o.█
█..................
........█
█............†...██
.$......█ █......(.......).█
........█ █................█


█████████ █................█ You could see an orc warrior, 2 orc priests and 2
orcs.

Vanquished Creatures
  2 adders
  An ooze (D:1)
  A worm (D:2)
  A dart slug (D:1)
  4 leopard geckos
  2 orcs (D:3)
  2 giant cockroaches (D:1)
  9 goblins
  4 hobgoblins
  4 jackals
  A quokka (D:3)
  A ball python (D:2)
  2 bats (D:1)
  2 frilled lizards
  A jackal skeleton (D:3)
  4 kobolds
  5 rats
46 creatures vanquished.

Notes
Turn   | Place    | Note
-------+----------+-------------------------------------------
     0 | D:1      | Goblin1989 the Troll Fighter began the quest for the Orb.
     0 | D:1      | Reached XP level 1. HP: 22/22 MP: 0/0
    91 | D:1      | Reached XP level 2. HP: 20/29 MP: 1/1
   365 | D:1      | Reached XP level 3. HP: 36/36 MP: 2/2
  1174 | D:2      | Reached skill level 3 in Unarmed Combat
  1397 | D:2      | Found a hazy altar of Hepliaklqana.
  1635 | D:3      | Reached XP level 4. HP: 42/44 MP: 3/3
  1780 | D:3      | Noticed an orc warrior
  1799 | D:3      | HP: 2/44 [orc warrior/+0 mace (13)]
  1801 | D:3      | Slain by an orc warrior

Illustrated notes

Levels and vault maps discovered:
D:1:      roderic_chinese_lattice_arrival, layout_basic, patterned_corridor
D:2:      layout_basic, nzn_hepliaklqana_mist_gate,
          nicolae_overflow_hidden_temple
D:3:      layout_basic, uniq_terence

Skill      XL: |  1  2  3 |
---------------+----------+-----
Unarmed Combat | 3 |  3.2
Fighting       | |  2.8
Dodging        | |  2.8
Shields        | |  2.9

Action                   |  1- 3 |  4- 6 || total
-------------------------+-------+-------++-------
Melee: Unarmed           |   100 |    15 ||   115
  Use: Potion            |       |     1 ||     1
Armor: Robe              |    33 |     8 ||    41
Dodge: Dodged            |    28 |     2 ||    30
Block: Kite shield       |    33 |     5 ||    38
